 Dungeon Crawl Stone Soup version 0.29-a0-1043-g569b05d6ff (webtiles) character file.

Game seed: 16190950018017007780

100 Zeldest the Grave Robber (level 4, 0/37 HPs)
             Began as a Hill Orc Necromancer on Aug 16, 2022.
             Splashed by a jelly's acid (10 damage)
             ... on level 4 of the Dungeon.
             The game lasted 00:05:32 (3335 turns).

Zeldest the Grave Robber (Hill Orc Necromancer)     Turns: 3335, Time: 00:05:32

Health: 0/37       AC: -5    Str: 10    XL:     4   Next: 74%
Magic:  4/6        EV: 12    Int: 17    God:
Gold:   118        SH:  0    Dex: 11    Spells: 2/6 levels left

rFire   . . .      SeeInvis .   j - +1 dagger (venom)
rCold   . . .      Faith    +   (no shield)
rNeg    . . .      Spirit   .   a - +0 robe
rPois   .          Reflect  .   (no helmet)
rElec   .          Harm     .   (no cloak)
rCorr   .          Rampage  .   (no gloves)
Will    .....                   n - +0 pair of boots
Stlth   ++........              i - amulet of faith
HPRegen 0.12/turn               (no ring)
MPRegen 0.10/turn               (no ring)

@: corroded, invisible
A: no striking features
a: no special abilities


You were on level 4 of the Dungeon.
You visited 1 branch of the dungeon, and saw 4 of its levels.

You collected 118 gold pieces.

Inventory:

Hand Weapons
 j - a +1 dagger of venom (weapon)
 p - a +0 hand axe
Armour
 a - a +0 robe (worn)
 n - a +0 pair of boots (worn)
Jewellery
 i - an amulet of faith (around neck)
 s - a ring of magical power
Scrolls
 c - 2 scrolls of blinking {unknown}
 e - 2 scrolls of identify {unknown}
 k - 3 scrolls of teleportation {unknown}
 m - a scroll of butterflies {unknown}
 o - a scroll of amnesia {unknown}
 r - a scroll of magic mapping {unknown}
Potions
 b - a potion of magic
 d - a potion of heal wounds {unknown}
 f - a potion of invisibility
 g - a potion of berserk rage
 h - 2 potions of mutation {unknown}
 l - a potion of haste {unknown}
 q - 2 potions of curing {unknown}
 t - a potion of might {unknown}


   Skills:
 + Level 2.7 Fighting
 + Level 3.1 Axes
 - Level 1.5 Dodging
 - Level 1.5 Stealth
 - Level 1.5 Spellcasting
 + Level 4.7 Necromancy


You had 2 spell levels left.
You knew the following spells:

 Your Spells              Type           Power      Damage    Failure   Level
a - Necrotise             Necr           68%        1d7       3%          1
b - Vampiric Draining     Necr           17%        2d7       9%          3

Your spell library contained the following spells:

 Spells                   Type           Power      Damage    Failure   Level
 Shock                    Conj/Air       4%         1d3       21%         1
 Slow                     Hex            4%         N/A       21%         1
 Animate Dead             Necr           17%        N/A       28%         4
 Confusing Touch          Hex            1%         N/A       52%         3
 Swiftness                Air            1%         N/A       52%         3
 Agony                    Necr           17%        N/A       63%         5
 Airstrike                Air            0%         2d(1-17)  90%         4


Dungeon Overview and Level Annotations

Branches:
Dungeon (4/15)
 Temple: D:4-7

Altars:
Ashenzari
Xom

Shops:
D:2 (


Message History

The goblin writhes in agony.
You kill the goblin!
The dead are walking!
Found a scroll labelled JOBBAZ JAAPH.
A worm comes into view.
Found a book of Winter.
A jelly comes into view.
Found a stone staircase leading down.
Casting: Necrotise (safe; 3% risk of failure)
Confirm with . or Enter, or press ? or * to list all spells.
Aiming: Necrotise (safe; 3% risk of failure)
Press: ? - help, Shift-Dir - straight line, f - jelly
Aim: a jelly (chance to affect: 81%)
The jelly writhes in agony.
Casting: Necrotise (safe; 3% risk of failure)
Confirm with . or Enter, or press ? or * to list all spells.
Aiming: Necrotise (safe; 3% risk of failure)
Press: ? - help, Shift-Dir - straight line, f/p - jelly
Aim: a jelly (lightly wounded, chance to affect: 81%)
The jelly writhes in agony.
Your goblin skeleton hits the worm but does no damage.
You hit the jelly.
Your hands burn!
The jelly is moderately wounded.
The jelly barely misses you.
You hit the jelly. The acid corrodes you!
Your hands burn!
The jelly is moderately wounded.
The jelly hits you.
You are splashed with acid!
You hit the jelly but do no damage.
Your hands burn!
The jelly is moderately wounded.
Your goblin skeleton hits the worm.
The jelly hits you. The acid corrodes you!
You are splashed with acid!
* * * LOW HITPOINT WARNING * * *
Okay, then.
You fade into invisibility!
Your goblin skeleton hits the worm.
The worm bites your goblin skeleton. The jelly closely misses you.
The jelly attacks as you move away! The jelly hits you.
* * * LOW HITPOINT WARNING * * *
You are splashed with acid!
You die...

.. #.##+# #..#.###
#.....# #...#.# #....
######
######...#######....#
.....).........#.##.#
.......@######.#.##.#
.......J>..# #...##.#
.....?:w.#.# ######.#
......Z..# # #<..#
.......... #####
...........
...........
........#...


You could see a worm (unable to see you, ally target), a jelly and a friendly
goblin skeleton.

Vanquished Creatures
  Terence (D:2)
  An adder (D:3)
  A shadow imp (D:3)
  3 worms
  4 endoplasms
  5 giant cockroaches
  5 goblins
  A hobgoblin (D:1)
  6 jackals
  3 quokkas
  4 ball pythons
  7 bats
  3 frilled lizards
  A kobold (D:1)
  4 rats
49 creatures vanquished.

Vanquished Creatures (collateral kills)
  A frilled lizard (D:1)
1 creature vanquished.

Grand Total: 50 creatures vanquished

Notes
Turn   | Place    | Note
-------+----------+-------------------------------------------
     0 | D:1      | Zeldest the Hill Orc Necromancer began the quest for the
                  | Orb.
     0 | D:1      | Reached XP level 1. HP: 14/14 MP: 3/3
   134 | D:1      | Found a faded altar of an unknown god.
   484 | D:1      | Reached skill level 1 in Fighting
   484 | D:1      | Reached skill level 1 in Axes
   484 | D:1      | Reached XP level 2. HP: 23/23 MP: 2/4
  1311 | D:2      | Reached XP level 3. HP: 28/28 MP: 5/5
  1321 | D:2      | Learned a level 3 spell: Vampiric Draining
  1923 | D:2      | Found Fereate's Weapon Boutique.
  1956 | D:2      | Noticed Terence
  1970 | D:2      | Killed Terence
  1971 | D:2      | Reached XP level 4. HP: 21/36 MP: 2/6
  2643 | D:3      | Found a shimmering altar of Xom.
  2709 | D:3      | Found a broken altar of Ashenzari.
  3335 | D:4      | Splashed by a jelly's acid

Illustrated notes

Levels and vault maps discovered:
D:1:      lemuel_arrival_room, layout_basic, shapermc_ecumenical_altar_pompeii,
          serial_park_tiny_2
D:2:      layout_basic, serial_shops, nicolae_shop_bloodbath_and_beyond,
          uniq_terence
D:3:      layout_basic, evilmike_ruin_ashenzari,
          mainiacjoe_overflow_six_doors_small
D:4:      layout_basic

Skill      XL: |  1  2  3  4 |
---------------+-------------+-----
Fighting       | 1 2 |  2.7
Axes           | 1 2 3 |  3.1
Dodging        | |  1.5
Stealth        | |  1.5
Spellcasting   | |  1.5
Necromancy     | |  4.7

Action                   |  1- 3 |  4- 6 || total
-------------------------+-------+-------++-------
Melee: Unarmed           |    18 |       ||    18
       Dagger            |    38 |    47 ||    85
 Cast: Necrotise         |    42 |     9 ||    51
  Use: Potion            |     2 |     1 ||     3
 Stab: Sleeping          |     2 |     2 ||     4
Armor: Robe              |    11 |     9 ||    20
Dodge: Dodged            |    43 |    32 ||    75

Table legend: (Time is in decaauts)
 A = Elapsed time spent in this place.
 B = Non-inter-level travel time spent in this place.
 C = Inter-level travel time spent in this place.
 D = Time resting spent in this place.
 E = Time spent auto-exploring this place.
 F = Levels seen in this place.
 G = Mean time per level.
                   A        B        C        D        E       F      G
               +--------+--------+--------+--------+--------+-----+--------+
         Total |   3342 |   3264 |     78 |    880 |   1845 |   4 |  835.5 |
       Dungeon |   3342 |   3264 |     78 |    880 |   1845 |   4 |  835.5 |
               +--------+--------+--------+--------+--------+-----+--------+

Top non-repeatable levels by time:
     D:1: 1270 daAuts
     D:3: 1054 daAuts
     D:2: 986 daAuts
     D:4: 30 daAuts
